 Dungeon Crawl Stone Soup version 0.19-a0-957-gf4ea323 (webtiles) character file.

23 kroki the Insei (level 2, 0/21 HPs)
             Began as a Vampire Transmuter on July 10, 2016.
             Slain by Terence
             ... wielding a +2 flail of protection
              (6 damage)
             ... on level 2 of the Dungeon.
             The game lasted 00:01:29 (1934 turns).

kroki the Insei (Vampire Transmuter)                Turns: 1934, Time: 00:01:30

Health: 0/21       AC:  2    Str:  9    XL:     2   Next: 75%
Magic:  5/5        EV: 12    Int: 15    God:
Gold:   87         SH:  0    Dex: 14    Spells: 1 memorised, 4 levels left

rFire  . . .     SeeInvis +       - Unarmed
rCold  . . .     Gourm    .     b - +0 robe
rNeg   + . .     Faith    .     (no shield)
rPois  .         Spirit   .     (no helmet)
rElec  .         Dismiss  .     (no cloak)
rCorr  .         Reflect  .     (no gloves)
SustAt .         Harm     .     (no boots)
MR     .....                    (no amulet)
Stlth  +.........               (no ring)
                                (no ring)

@: not resistant to hostile enchantments, very unstealthy
A: fangs 3, see invisible, unbreathing
a: no special abilities


You were on level 2 of the Dungeon.
You were not thirsty.

You visited 1 branch of the dungeon, and saw 2 of its levels.

You collected 87 gold pieces.

Inventory:

Missiles
 a - 27 arrows
Armour
 b - a +0 robe (worn)
 j - a cursed +0 ring mail
   (You found it on level 1 of the Dungeon)
Scrolls
 f - 2 scrolls of identify {unknown}
 i - 2 scrolls of remove curse {unknown}
Potions
 e - a potion of berserk rage {unknown}
 g - a potion of curing {unknown}
 h - a potion of degeneration {unknown}
Books
 c - a book of Changes


   Skills:
 + Level 1.4 Fighting
 - Level 2.1 Dodging
 * Level 4.1 Unarmed Combat
 - Level 2.0 Spellcasting
 - Level 2.1 Transmutations


You had 4 spell levels left.
You knew the following spells:

 Your Spells              Type           Power        Failure   Level  Hunger
a - Beastly Appendage     Tmut           #.....       12%         1    #......


Dungeon Overview and Level Annotations

Branches:
Dungeon (2/15)

Altars:

Annotations:
D:2 Terence


Innate Abilities, Weirdness & Mutations

You have razor-sharp teeth.
You have supernaturally acute eyesight. (SInv)
You can survive without breathing.


Message History

You completely miss the kobold. Your bite misses the kobold.
The kobold hits you.
You take 2 damage, and have 12/21 hp.
You barely miss the kobold. The kobold misses you.
You hit the kobold.
You kill the kobold!
Unknown command.
You see here a kobold corpse.
Drinking blood from a kobold corpse.
This warm blood tastes delicious!
You feel somewhat less thirsty.
You continue drinking. x2
You finish drinking.
MP restored: 5 There's nothing here to drain!
There's nothing here to drain!
Your talons disappear.
You now have 21 gold pieces (gained 11).
h - a sedimented white potion Health restored: 21 You now have 34 gold pieces (gained 13).
You now have 49 gold pieces (gained 15).
You now have 59 gold pieces (gained 10).
You now have 71 gold pieces (gained 12).
i - a scroll labeled NEIKHE CIDUNTU A hobgoblin comes into view.
It is wielding a club.
A hobgoblin is nearby!
A hobgoblin is nearby!
Unknown command.
You grow a pair of large bovine horns.
You now have 4/5 mp.
You hit the hobgoblin. The hobgoblin misses you.
You closely miss the hobgoblin. The hobgoblin hits you with a club.
You take 2 damage, and have 19/21 hp.
You barely miss the hobgoblin. The hobgoblin misses you.
You closely miss the hobgoblin. The hobgoblin hits you with a club.
You take 4 damage, and have 15/21 hp.
You hit the hobgoblin. The hobgoblin hits you with a club.
You take 3 damage, and have 12/21 hp.
You hit the hobgoblin.
You kill the hobgoblin!
Things that are here:
a club; a hobgoblin corpse Drinking blood from a hobgoblin corpse.
This warm blood tastes delicious!
You feel somewhat less thirsty.
You continue drinking.
Your transformation is almost over.
You continue drinking.
You finish drinking.
Things that are here:
a club; a hobgoblin skeleton; MP restored: 5 Unknown command.
There's nothing here to drain!
There's nothing here to drain!
Unknown command.
Your horns disappear.
You now have 87 gold pieces (gained 16).
i - 2 scrolls labeled NEIKHE CIDUNTU (gained 1)
You open the door.
Terence the Incautious comes into view.
He is wielding a flail of protection.
Terence shouts!
Health restored: 21 You aren't carrying any items that you can evoke.
Unknown command.
Yummy - fresh blood!
Yummy - fresh blood!
Terence closely misses you.
Unknown command.
You grow a pair of large bovine horns.
Terence hits you with a flail of protection.
You take 4 damage, and have 17/21 hp.
You now have 4/5 mp.
Okay, then.
You barely miss Terence. Your headbutt misses Terence.
Terence barely misses you.
You barely miss Terence. You bite Terence, but do no damage.
Your transformation is almost over.
Terence misses you.
You hit Terence. You hit Terence. Your headbutt misses Terence.
Terence hits you with a flail of protection.
You take 4 damage, and have 13/21 hp.
You hit Terence but do no damage. Your punch misses Terence.
Your bite misses Terence. Terence closely misses you.
Unknown command.
You completely miss Terence. Terence barely misses you.
You hit Terence. You hit Terence.
Terence hits you with a flail of protection.
You take 2 damage, and have 11/21 hp.
You barely miss Terence. Your bite misses Terence. Terence closely misses you.
You hit Terence but do no damage.
Terence hits you with a flail of protection.
* * * LOW HITPOINT WARNING * * *
You take 6 damage, and have 6/21 hp.
MASSIVE DAMAGE!!
You hit Terence but do no damage. You punch Terence, but do no damage.
Your horns disappear.
MP restored: 5 You closely miss Terence.
Terence hits you but does no damage.
You hit Terence but do no damage.
Terence hits you with a flail of protection.
You die...

###).......###.#
...............#
..##........###.#
# ##....##.#
#.....##.#
##.......#
##.###### #.# #@#
#@# ... ..%..
..(.... .........
+.........+
#.........#


You could see Terence.

Vanquished Creatures
  An ooze (D:1)
  A dart slug (D:1)
  A bat (D:1)
  A giant cockroach (D:1)
  2 goblins (D:1)
  3 hobgoblins
  4 kobolds
  A giant newt (D:2)
  3 rats (D:1)
17 creatures vanquished.

Notes
Turn   | Place    | Note
-------+----------+-------------------------------------------
     0 | D:1      | kroki the Vampire Transmuter began the quest for the Orb.
     0 | D:1      | Reached XP level 1. HP: 14/14 MP: 3/3
   175 | D:1      | Reached skill level 1 in Fighting
   491 | D:1      | Reached XP level 2. HP: 21/21 MP: 5/5
   734 | D:1      | Reached skill level 4 in Unarmed Combat
  1917 | D:2      | Noticed Terence
  1934 | D:2      | Slain by Terence

Vault maps used:
D:1:      kennysheep_arrival_seaside
D:2:      first_bread, uniq_terence

Skill      XL: |  1  2 |
---------------+-------+-----
Fighting       | 1 |  1.4
Unarmed Combat | 4 |  4.1
Dodging        | |  2.1
Spellcasting   | |  2.0
Transmutations | |  2.1

Action                   || total
-------------------------++-------
Melee: Unarmed           ||    81
       Bite              ||     6
       Headbutt          ||     2
       Kick              ||     1
       Punch             ||     1
 Cast: Beastly Appendage ||    11
  Use: Scroll            ||     4
       Potion            ||     2
  Eat: Corpse            ||     4
Armor: Robe              ||     8
Dodge: Dodged            ||    51

Vault maps used:
D:1:      kennysheep_arrival_seaside
D:2:      first_bread, uniq_terence

Table legend:
 A = Turns spent in this place as a percentage of turns spent in the entire game.
 B = Non-inter-level travel turns spent in this place as a percentage of non-inter-level travel turns spent in the entire game.
 C = Inter-level travel turns spent in this place as a percentage of turns spent in this place.
 D = Turns resting spent in this place as a percentage of non-inter-level travel turns spent in this place.
 E = Turns spent auto-exploring this place as a percentage of non-inter-level travel turns spent in this place.
 F = Non-inter-level travel turns spent in this place divided by the number of levels of this place that you've seen.
                   A       B       C       D       E      F
               +-------+-------+-------+-------+-------+----------------------
         Total | 100.0 | 100.0 |   0.5 |   0.0 |  10.2 | 201.0
       Dungeon | 100.0 | 100.0 |   0.5 |   0.0 |  10.2 | 201.0
               +-------+-------+-------+-------+-------+----------------------

Table legend:
 A = Kills in this place as a percentage of kills in entire the game.
 B = Kills by you in this place as a percentage of kills by you in the entire game.
 C = Kills by friends in this place as a percentage of kills by friends in the entire game.
 D = Other kills in this place as a percentage of other kills in the entire game.
 E = Experience gained in this place as a percentage of experience gained in the entire game.
 F = Experience gained in this place divided by the number of levels of this place that you have seen.
                   A       B       C       D       E      F
               +-------+-------+-------+-------+-------+----------------------
         Total | 100.0 | 100.0 |  -nan |  -nan | 100.0 |  17.0
       Dungeon | 100.0 | 100.0 |  -nan |  -nan | 100.0 |  17.0
               +-------+-------+-------+-------+-------+----------------------
